 Dungeon Crawl Stone Soup version 0.19.5 (webtiles) character file.

43980 BugsBunnySan the Eviscerator (level 13, 0/54 HPs)
             Began as a Felid Berserker on Mar 21, 2017.
             Was a High Priest of Trog.
             Slain by a vault guard
             ... wielding a +0 halberd
              (21 damage)
             ... on level 13 of the Dungeon.
             The game lasted 01:17:21 (23590 turns).

BugsBunnySan the Eviscerator (Felid Berserker)     Turns: 23590, Time: 01:17:22

Health: 0/54       AC:  3    Str: 13    XL:     13   Next: 93%
Magic:  14/14      EV: 33    Int:  7    God:    Trog [*****.]
Gold:   1721       SH:  0    Dex: 24    Spells: 0 memorised, 12 levels left
                                        Lives:  0   Deaths: 2

rFire  + . .     SeeInvis +       - Unarmed
rCold  + . .     Gourm    .     (armour unavailable)
rNeg   . . .     Faith    .     (shield unavailable)
rPois  +         Spirit   .     (helmet unavailable)
rElec  .         Reflect  .     (cloak unavailable)
rCorr  .         Harm     .     (gloves unavailable)
MR     +++..     Clarity  +     (boots unavailable)
Stlth  ++++++....               K - amulet of regeneration
                                w - ring of poison resistance
                                C - ring of protection from fire

@: exhausted, regenerating, slowed, invisible, slow
A: no armour, no weapons or thrown items, stealth, claws 1, fangs 3, repulsion
field 1, see invisible, agile 2, blink, carnivore 3, clarity, dopey 1, speed 1,
screaming 1, shaggy fur 3, slow metabolism 1, sharp paws
a: Blink, Berserk, Trog's Hand, Brothers in Arms, Burn Spellbooks, Renounce
Religion


You were on level 13 of the Dungeon.
You worshipped Trog.
Trog was extremely pleased with you.
You were very full.

You visited 4 branches of the dungeon, and saw 22 of its levels.
You also visited: Labyrinth.

You collected 1721 gold pieces.

Inventory:

Jewellery
 h - an uncursed ring of positive energy
 s - an uncursed ring of resist corrosion
 w - a ring of poison resistance (right paw)
 C - a ring of protection from fire (left paw)
 F - an uncursed ring of protection from cold
 K - an amulet of regeneration (around neck)
 T - an uncursed ring of protection from magic
Wands
 e - a wand of acid (6/15)
 v - a wand of heal wounds (3/9)
 V - a wand of hasting (5/9)
Scrolls
 c - a scroll of holy word {unknown}
 d - a scroll of random uselessness {unknown}
 f - 5 scrolls of magic mapping {unknown}
 i - 7 scrolls of remove curse
 j - 7 scrolls of enchant armour {unknown}
 q - 5 scrolls of enchant weapon {unknown}
 r - 6 scrolls of teleportation {unknown}
 u - 7 scrolls of amnesia {unknown}
 x - 4 scrolls of immolation {unknown}
 z - 2 scrolls of blinking
 D - 4 scrolls of recharging
 G - a scroll of noise
 H - 2 scrolls of fog
 O - a scroll of brand weapon {unknown}
Potions
 b - 4 potions of berserk rage
 g - a potion of lignification
 k - 4 potions of flight
 l - 2 potions of haste
 p - a potion of agility
 B - 5 potions of cancellation
 P - 2 potions of heal wounds
Books
 S - the Catalogue of Floating Hexes
   (You found it in a labyrinth)

   Spells                             Type                      Level
   a - Shock                          Conjuration/Air              1
   b - Corona                         Hexes                        1
   c - Cause Fear                     Hexes                        4
   d - Darkness                       Hexes                        6
   e - Discord                        Hexes                        8
   Trog disapproves of the use of such an item.
Miscellaneous
 M - a lamp of fire
 N - a lamp of fire
Comestibles
 a - 9 meat rations
 m - 3 chunks of flesh
 n - 2 slices of pizza
 t - 6 beef jerkies
 A - 9 royal jellies


   Skills:
 + Level 4.8 Fighting
 + Level 11.5 Dodging
 + Level 12.9 Stealth
 * Level 21.2 Unarmed Combat
 + Level 1.3 Evocations


You had 12 spell levels left.
You didn't know any spells.

Dungeon Overview and Level Annotations

Branches:
Dungeon (13/15)            Temple (1/1) D:5            Lair (6/6) D:11
  Swamp (0/4) Lair:4        Snake (0/4) Lair:2        Slime (0/5) Lair:6
    Orc (2/2) D:9             Elf (0/3) Orc:2        Vaults (0/5) D:13

Altars:
Ashenzari
Cheibriados
Dithmenos
Elyvilon
Fedhas
Gozag
Hepliaklqana
Kikubaaqudgha
Makhleb
Nemelex Xobeh
Okawaru
Qazlal
Ru
Sif Muna
Trog
Uskayaw
Vehumet
Xom
Yredelemnul
Zin
The Shining One
Beogh
Jiyva

Shops:
D:4 =   Orc:2 [[[(


Innate Abilities, Weirdness & Mutations

You cannot wear armour.
You are incapable of wielding weapons or throwing items.
Your paws allow you to move quietly. (Stealth)
You have sharp claws.
You have razor-sharp teeth.
You have supernaturally acute eyesight. (SInv)
You are carnivorous and can eat meat at any time.
You cover ground quickly.
Your thick and shaggy fur keeps you warm. (AC +3, rC+)
You have a slow metabolism.
Your sharp claws are effective at attacking unaware monsters.
You are surrounded by a mild repulsion field. (EV +2)
You are very agile. (Dex +4)
You can translocate small distances at will.
You possess an exceptional clarity of mind.
You are dopey. (Int -2)
You occasionally shout uncontrollably at your foes.


Message History

You claw the vault guard!
The vault guard is almost dead.
You closely miss the vault guard.
The vault guard is almost dead.
You are no longer berserk.
You are exhausted.
You feel yourself slow down. The vault guard closely misses you.
You claw the vault guard!
You kill the vault guard!
Trog accepts your kill.
The vault guard hits you from afar with a halberd!!
Ouch! That really hurt!
You feel the effects of Trog's Hand fading.
Items here: ) [[ † an enchanted long sword; a chain mail; a shield; a human corpse
Okay, then.
You fade into invisibility!
The vault guard completely misses you.
The vault guard hits you from afar with a halberd!!
You die...

#......
#......
#......
#......
###......
#.....^..
###.#......
##########
#..........
#.....@.)#
#..........
#.######p#
#.._.......
#)#
#..........
#p#
#..........
..#####p#
####.......


ppp.p.)p# ##...... pp#####.########...(.. #..............) #......<........ You
could see a vault guard.

Vanquished Creatures
  An orc warlord (Orc:1)
  Josephine (Orc:2)
  A minotaur (Lab)
  3 vault guards (D:13)
  4 catoblepae
  8 hydras
  A centaur warrior (D:13)
  3 ogre magi (Orc:2)
  11 death yaks (Lair:6)
  The ghost of murphvienna the Severer, a novice MiBe of Trog (D:10)
  2 unseen horrors
  5 hill giants
  Pikel (D:8)
  An orc knight (Orc:2)
  3 orc sorcerers
  An ugly thing (D:13)
  2 deep elf magi
  2 oklob plants
  A cyclops (D:12)
  2 black mambas (Lair:6)
  3 centaur zombies
  6 elephants (Lair:3)
  8 spiny frogs
  3 torpor snails
  4 centaur skeletons (D:11)
  8 komodo dragons
  A rime drake (Lair:6)
  A troll (D:13)
  A polar bear (Lair:4)
  3 hornets
  13 two-headed ogres
  13 blink frogs
  7 dream sheep
  5 hippogriffs
  Sigmund (D:5)
  5 wraiths
  3 basilisks
  25 yaks
  3 hungry ghosts
  7 vampire mosquitoes
  Edmund (D:5)
  5 wargs
  A soldier ant (D:11)
  A mottled dragon (D:12)
  2 hell hounds (D:11)
  18 water moccasins
  7 porcupines
  A phantom (D:5)
  An eye of draining (D:10)
  3 sky beasts
  22 orc warriors
  27 ogres
  A centaur (D:7)
  6 wolves (Lair:1)
  6 crocodiles
  2 big kobolds
  16 bullfrogs
  A gnoll sergeant (D:11)
  A scorpion (Lair:2)
  A water moccasin skeleton (D:11)
  14 killer bees
  5 wights (D:11)
  4 howler monkeys
  3 crimson imps
  A quasit (D:5)
  4 jellies
  19 orc wizards
  5 hounds
  12 orc priests
  2 bullfrog skeletons
  8 worker ants
  4 iguanas
  A killer bee zombie (D:8)
  3 hound zombies
  A hound skeleton (D:6)
  A worker ant zombie (D:5)
  10 gnolls
  10 adders
  2 shadow imps
  7 oozes
  5 worms
  5 leopard geckos
  72 orcs
  A ball python (D:1)
  8 giant cockroaches
  6 goblins
  9 hobgoblins
  25 jackals
  19 kobolds
  A quokka (D:10)
  8 bats
  2 frilled lizards (D:1)
  13 rats
  A plant (Lair:4)
588 creatures vanquished.

Vanquished Creatures (collateral kills)
  A hydra (Lair:4)
  A tengu warrior (D:11)
  A yak (Lair:6)
  An orc warrior (Orc:1)
  A scorpion (D:11)
  An orc (Orc:1)
6 creatures vanquished.

Vanquished Creatures (others)
  4 slaves (D:8)
  2 killer bees (D:8)
  A ball python (D:8)
  A giant cockroach (D:8)
  A jackal (D:8)
  A fungus (Lair:2)
  3 plants (Lair:6)
13 creatures vanquished.

Grand Total: 607 creatures vanquished

Notes
Turn   | Place    | Note
-------+----------+-------------------------------------------
     0 | D:1      | BugsBunnySan the Felid Berserker began the quest for the Orb.
     0 | D:1      | Reached XP level 1. HP: 10/10 MP: 2/2
   565 | D:1      | Reached XP level 2. HP: 13/14 MP: 3/3
  1307 | D:1      | Reached skill level 1 in Stealth
  1316 | D:1      | Reached XP level 3. HP: 17/17 MP: 4/4
  1601 | D:1      | Reached skill level 4 in Unarmed Combat
  1940 | D:3      | Reached ** piety under Trog
  2341 | D:2      | Reached XP level 4. HP: 17/21 MP: 5/5
  2809 | D:3      | Reached skill level 5 in Unarmed Combat
  2809 | D:3      | Reached XP level 5. HP: 24/24 MP: 6/6
  2853 | D:4      | Noticed an ogre
  2860 | D:4      | Killed an ogre
  3152 | D:3      | Found an iron altar of Okawaru.
  3546 | D:4      | Gained mutation: You are covered in thick fur. (AC +2) [Felid growth]
  3546 | D:4      | Reached XP level 6. HP: 27/28 MP: 7/7
  3800 | D:3      | Reached *** piety under Trog
  3959 | D:4      | Found an opulent altar of Gozag.
  3970 | D:4      | Found Lic Rimo's Jewellery Shoppe.
  4050 | D:5      | Entered Level 5 of the Dungeon
  4053 | D:5      | Noticed an unseen horror
  4056 | D:5      | Reached skill level 6 in Unarmed Combat
  4066 | D:5      | Killed an unseen horror
  4066 | D:5      | Reached skill level 5 in Dodging
  4066 | D:5      | Reached skill level 5 in Stealth
  4066 | D:5      | Reached skill level 7 in Unarmed Combat
  4066 | D:5      | Reached XP level 7. HP: 21/31 MP: 8/8
  4589 | D:5      | Reached skill level 8 in Unarmed Combat
  4595 | D:5      | Gained mutation: You possess an exceptional clarity of mind. [mutagenic meat]
  4596 | D:5      | Gained mutation: You are agile. (Dex +2) [mutagenic meat]
  4597 | D:5      | Gained mutation: You can translocate small distances at will. [mutagenic meat]
  4598 | D:5      | Lost mutation: You can translocate small distances at will. [mutagenic meat]
  4599 | D:5      | Gained mutation: You have a pair of small horns on your head. [mutagenic meat]
  4700 | D:5      | Reached XP level 8. HP: 34/34 MP: 9/9
  4895 | D:5      | Found a staircase to the Ecumenical Temple.
  4976 | D:6      | Reached skill level 9 in Unarmed Combat
  4992 | D:6      | Found a sacrificial altar of Ru.
  5407 | D:5      | Noticed Sigmund
  5425 | D:5      | Killed Sigmund
  5482 | D:5      | Noticed Edmund
  5484 | D:5      | Killed Edmund
  5484 | D:5      | Reached skill level 10 in Unarmed Combat
  5641 | D:6      | Reached XP level 9. HP: 39/39 MP: 10/10
  6161 | D:6      | Gained mutation: You occasionally shout uncontrollably at your foes. [mutagenic meat]
  6162 | D:6      | Gained mutation: You are dopey. (Int -2) [mutagenic meat]
  6163 | D:6      | Gained mutation: You can translocate small distances at will. [mutagenic meat]
  6240 | D:6      | Found a hide-covered altar of Uskayaw.
  6309 | D:6      | Reached **** piety under Trog
  6715 | D:7      | Found an iron altar of Okawaru.
  6756 | D:8      | Noticed Pikel
  6852 | D:8      | Killed Pikel
  6852 | D:8      | Reached skill level 11 in Unarmed Combat
  8130 | D:8      | Reached skill level 12 in Unarmed Combat
  8264 | D:8      | Reached XP level 10. HP: 42/42 MP: 11/11
  8401 | D:9      | Found a staircase to the Orcish Mines.
  8463 | D:10     | Entered Level 10 of the Dungeon
  8659 | D:10     | Noticed a hill giant
  8669 | D:10     | Noticed murphvienna's ghost (novice MiBe)
  8697 | D:10     | Killed a hill giant
  8726 | D:10     | Killed murphvienna's ghost
  8726 | D:10     | Reached skill level 13 in Unarmed Combat
  9116 | D:9      | Found a sparkling altar of Nemelex Xobeh.
  9590 | Temple   | Entered the Ecumenical Temple
  9746 | Temple   | Lost mutation: You have a pair of small horns on your head. [potion of mutation]
  9746 | Temple   | Gained mutation: You are surrounded by a mild repulsion field. (EV +2) [potion of mutation]
  9746 | Temple   | Gained mutation: You are very agile. (Dex +4) [potion of mutation]
  9893 | D:11     | Noticed a hill giant
 10009 | D:10     | Noticed a hill giant
 10024 | D:10     | Killed a hill giant
 10292 | D:11     | Noticed an eight-headed hydra
 10303 | D:11     | Killed an eight-headed hydra
 10303 | D:11     | Reached skill level 14 in Unarmed Combat
 10303 | D:11     | Reached XP level 11. HP: 33/46 MP: 12/12
 11185 | D:11     | Found a staircase to the Lair.
 11589 | D:11     | Reached skill level 15 in Unarmed Combat
 11794 | D:11     | Noticed a six-headed hydra
 11802 | D:11     | Killed a six-headed hydra
 11802 | D:11     | Reached skill level 10 in Stealth
 12101 | D:11     | Killed a hill giant
 12388 | D:11     | Noticed a tengu warrior
 12405 | D:11     | Killed a tengu warrior
 12448 | Lair:1   | Entered Level 1 of the Lair of Beasts
 12496 | Lair:2   | Noticed a catoblepas
 12502 | Lair:2   | Killed a catoblepas
 12502 | Lair:2   | Reached skill level 16 in Unarmed Combat
 12603 | Lair:1   | Gained mutation: Your thick and shaggy fur keeps you warm. (AC +3, rC+) [Felid growth]
 12603 | Lair:1   | Reached XP level 12. HP: 49/49 MP: 13/13
 13144 | Lair:1   | Noticed a five-headed hydra
 13166 | Lair:1   | Killed a five-headed hydra
 13699 | Lair:1   | Noticed a four-headed hydra
 13708 | Lair:1   | Killed a four-headed hydra
 13708 | Lair:1   | Reached skill level 17 in Unarmed Combat
 14801 | Lair:2   | Found a staircase to the Snake Pit.
 14817 | Lair:2   | Reached skill level 10 in Dodging
 15355 | Lair:3   | Reached ***** piety under Trog
 15524 | Lair:3   | Reached skill level 18 in Unarmed Combat
 15794 | Lair:3   | Reached XP level 13. HP: 54/54 MP: 14/14
 15841 | Lair:3   | HP: 3/81 [elephant (18)]
 15845 | Lair:3   | HP: 1/81 [elephant (1)]
 15847 | Lair:3   | Slain by an elephant
 15848 | Lair:3   | Reached XP level 12. HP: 0/75 MP: 13/13
 16378 | Lair:4   | Found a staircase to the Swamp.
 16521 | Lair:4   | Noticed a seven-headed hydra
 16525 | Lair:4   | Noticed a four-headed hydra
 16539 | Lair:4   | Killed a four-headed hydra
 16540 | Lair:4   | Killed a seven-headed hydra
 17124 | Lair:4   | Found a sparkling altar of Nemelex Xobeh.
 17598 | Lair:6   | Entered Level 6 of the Lair of Beasts
 17707 | Lair:6   | Noticed a five-headed hydra
 17716 | Lair:6   | Killed a five-headed hydra
 17819 | Lair:6   | Found a labyrinth entrance.
 17829 | Lab      | Entered a labyrinth
 18759 | Lab      | Noticed a minotaur
 18764 | Lab      | Killed a minotaur
 18764 | Lab      | Reached skill level 19 in Unarmed Combat
 18765 | Lab      | Identified the Catalogue of Floating Hexes
 18832 | Lair:6   | Noticed a six-headed hydra
 18841 | Lair:6   | Killed a six-headed hydra
 18923 | Lair:6   | Found a viscous altar of Jiyva.
 18923 | Lair:6   | Found a staircase to the Slime Pits.
 19045 | Lair:6   | Noticed a catoblepas
 19050 | Lair:6   | Killed a catoblepas
 19058 | Lair:6   | Noticed a death yak
 19059 | Lair:6   | Noticed a death yak
 19059 | Lair:6   | Noticed a death yak
 19091 | Lair:6   | Killed a death yak
 19091 | Lair:6   | Reached XP level 13. HP: 54/54 MP: 14/14
 19409 | Lair:6   | Slain by a death yak
 19410 | Lair:6   | Reached XP level 12. HP: -5/50 MP: 13/13
 19425 | Lair:6   | Killed a death yak
 19508 | Lair:6   | Noticed a death yak
 19508 | Lair:6   | Noticed a death yak
 19508 | Lair:6   | Noticed a catoblepas
 19523 | Lair:6   | Killed a catoblepas
 19526 | Lair:6   | Killed a death yak
 19531 | Lair:6   | Killed a death yak
 19591 | Lair:6   | Noticed a catoblepas
 19601 | Lair:6   | Killed a catoblepas
 19601 | Lair:6   | Reached skill level 1 in Evocations
 20566 | Orc:1    | Entered Level 1 of the Orcish Mines
 20573 | Orc:1    | Reached skill level 20 in Unarmed Combat
 20726 | Orc:1    | Found a bloodstained altar of Trog.
 20996 | Orc:1    | Noticed an orc warlord
 21104 | Orc:1    | Killed an orc warlord
 21356 | Orc:2    | Entered Level 2 of the Orcish Mines
 21366 | Orc:2    | Found a roughly hewn altar of Beogh.
 21380 | Orc:2    | Found a roughly hewn altar of Beogh.
 21407 | Orc:2    | Reached XP level 13. HP: 54/54 MP: 14/14
 21629 | Orc:2    | Noticed Josephine
 21664 | Orc:2    | Killed Josephine
 21728 | Orc:2    | Found Miwuanwa's Weapon Shop.
 21728 | Orc:2    | Found Lampawoph's Armour Emporium.
 21729 | Orc:2    | Found Qeku Pimm's Antique Armour Emporium.
 21729 | Orc:2    | Found Qatwep's Armour Boutique.
 21948 | Orc:2    | Found a staircase to the Elven Halls.
 22597 | D:13     | Found a shadowy altar of Dithmenos.
 22700 | D:12     | Reached skill level 21 in Unarmed Combat
 23553 | D:13     | Found a gate to the Vaults.
 23590 | D:13     | Slain by a vault guard

Skill      XL: |  1  2  3  4  5  6  7  8  9 10 11 12 13 |
---------------+----------------------------------------+-----
Stealth        | 1 2 3 5 7 8 9 10 12 11 | 12.9
Unarmed Combat | 4 5 7 8 10 12 14 16 20 21 | 21.2
Dodging        | 5 6 7 8 9 11 | 11.5
Fighting       | 4 |  4.8
Evocations     | 1 |  1.3

Action                   |  1- 3 |  4- 6 |  7- 9 | 10-12 | 13-15 || total
-------------------------+-------+-------+-------+-------+-------++-------
Melee: Unarmed           |   105 |    92 |   244 |   931 |   326 ||  1698
       Bite              |    12 |    10 |    17 |   138 |    52 ||   229
       Punch             |     2 |     4 |    13 |    92 |    46 ||   157
       Headbutt          |       |       |    33 |    16 |       ||    49
Invok: Berserk           |     2 |     4 |    15 |    41 |    10 ||    72
       Trog's Hand       |       |     1 |    11 |    34 |    11 ||    57
       Brothers in Arms  |       |       |       |     4 |     1 ||     5
       Burn Spellbooks   |       |       |       |     1 |     2 ||     3
 Abil: Blink             |       |       |       |     6 |       ||     6
Evoke: Sack of spiders   |       |       |       |     3 |       ||     3
       Lamp of fire      |       |       |       |     1 |     1 ||     2
       Wand              |       |       |       |       |     1 ||     1
  Use: Potion            |       |       |     2 |     9 |     1 ||    12
       Scroll            |       |       |       |    16 |     1 ||    17
 Stab: Sleeping          |     5 |     5 |    15 |    28 |    10 ||    63
       Distracted        |       |     1 |     4 |     4 |     6 ||    15
       Petrifying        |       |       |       |     2 |       ||     2
  Eat: Chunk             |    12 |     6 |    38 |    89 |    12 ||   157
       Royal jelly       |       |       |       |       |     3 ||     3
Armor: Skin              |     9 |     1 |    11 |    46 |     4 ||    71
Dodge: Dodged            |    95 |    73 |   212 |   912 |   200 ||  1492
